 Dungeon Crawl Stone Soup version 0.28.0 (webtiles) character file.

Game seed: 11077062970205154650

1586 pkoi the Frost Mage (level 8, -12/57 HPs)
             Began as a Purple Draconian Ice Elementalist on Feb 17, 2022.
             Killed from afar by Maggie (24 damage)
             ... with a bolt of fire
             ... on level 6 of the Dungeon.
             The game lasted 00:08:21 (5767 turns).

pkoi the Frost Mage (DrIE)                          Turns: 5767, Time: 00:08:22

Health: -12/57     AC:  9    Str: 11    XL:     8   Next: 61%
Magic:  18/21      EV: 12    Int: 17    God:
Gold:   135        SH:  0    Dex: 12    Spells: 4/12 levels left

rFire   . . .      SeeInvis .   r - +0 short sword (venom)
rCold   . . .      Faith    .   (no shield)
rNeg    . . .      Spirit   .   (armour unavailable)
rPois   .          Reflect  .   (helmet restricted)
rElec   .          Harm     .   (no cloak)
rCorr   .          Rampage  .   y - +0 pair of gloves
Will    +....                   d - +1 pair of boots
Stlth   ++........              (no amulet)
HPRegen 0.19/turn               g - +4 ring of slaying
MPRegen 0.17/turn               h - ring of magical power

@: freezing walls
A: breathe power, AC +6, unfitting armour, cold-blooded
a: Breathe Dispelling Energy


You were on level 6 of the Dungeon.
You visited 2 branches of the dungeon, and saw 7 of its levels.

You collected 240 gold pieces.
You spent 105 gold pieces at shops.

Inventory:

Hand Weapons
 a - a +0 dagger
 i - a +2 dagger of freezing
 o - a +3 short sword of protection
 r - a +0 short sword of venom (weapon)
Missiles
 b - 16 poisoned darts
Armour
 d - a +1 pair of boots (worn)
 y - a +0 pair of gloves (worn)
Jewellery
 g - a +4 ring of slaying (left hand)
 h - a ring of magical power (right hand)
Wands
 k - a wand of iceblast (15)
 q - a wand of flame (20)
 u - a wand of polymorph (13)
 w - a wand of mindburst (10)
Scrolls
 p - a scroll of blinking
 s - 2 scrolls of amnesia
Potions
 c - 2 potions of berserk rage {unknown}
 f - 2 potions of brilliance {unknown}
 j - 2 potions of curing
 m - a potion of haste
 n - a potion of cancellation
 z - a potion of magic {unknown}
 A - 3 potions of invisibility {unknown}


   Skills:
 - Level 1.7 Dodging
 - Level 1.7 Stealth
 + Level 2.6 Spellcasting
 + Level 0.6 Conjurations
 + Level 5.0 Translocations
 + Level 10.3 Ice Magic


You had 4 spell levels left.
You knew the following spells:

 Your Spells              Type           Power      Damage    Failure   Level
a - Magic Dart            Conj           16%        1d3       14%         1
b - Frozen Ramparts       Ice            74%        1d9       1%          3
c - Ozocubu's Armour      Ice            37%        N/A       1%          3
d - Apportation           Tloc           38%        N/A       2%          1

Your spell library contained the following spells:

 Spells                   Type           Power      Damage    Failure   Level
 Freeze                   Ice            100%       1d11      1%          1
 Gell's Gravitas          Tloc           19%        N/A       7%          3
 Lesser Beckoning         Tloc           19%        N/A       7%          3
 Teleport Other           Tloc           19%        N/A       7%          3
 Animate Skeleton         Necr           4%         N/A       19%         1
 Summon Small Mammal      Summ           8%         N/A       19%         1
 Hailstorm                Conj/Ice       21%        3d6       19%         4
 Searing Ray              Conj           8%         2d4       21%         2
 Corpse Rot               Necr/Air       4%         N/A       26%         2
 Poisonous Vapours        Pois/Air       4%         N/A       26%         2
 Sublimation of Blood     Necr           2%         N/A       26%         2
 Wereblood                Tmut           2%         N/A       26%         2
 Fulminant Prism          Conj/Hex       1%         3d6       83%         4
 Summon Hydra             Summ           1%         N/A       100%        7


Dungeon Overview and Level Annotations

Branches:
Dungeon (6/15)             Temple (1/1) D:5

Altars:
Cheibriados
Dithmenos
Elyvilon
Fedhas
Kikubaaqudgha
Nemelex Xobeh
Okawaru
Qazlal
Ru
Trog
Uskayaw
Yredelemnul
Zin
The Shining One

Shops:
D:4 ?

Annotations:
D:6 Maggie


Innate Abilities, Weirdness & Mutations

You can breathe bolts of dispelling energy.
Your rich purple scales are hard. (AC +6)
You cannot fit into any form of body armour.
You are cold-blooded and may be slowed by cold attacks.


Message History

The ufetubus hits you but does no damage. x2
The wall freezes Maggie.
Maggie zaps a wand.
You resist with almost no effort.
The ufetubus resists.
The wall freezes the ufetubus.
The ufetubus misses you.
The ufetubus hits you but does no damage.
You barely miss Maggie.
Your tail-slap misses Maggie.
Maggie is moderately wounded.
The wall freezes Maggie!
Maggie casts a spell at you. The bolt of fire misses you.
The ufetubus resists.
The wall freezes the ufetubus.
You kill the ufetubus!
Your Translocations skill increases to level 5!
You hit Maggie.
Maggie is poisoned.
Maggie is moderately wounded.
The wall freezes Maggie!
Maggie points at you and mumbles some strange words.
The bolt of fire misses you.
You closely miss Maggie. You tail-slap Maggie.
You punch Maggie, but do no damage.
Maggie is heavily wounded.
The wall freezes Maggie.
Maggie hits you with a +0 scimitar of flaming!
* * * LOW HITPOINT WARNING * * *
Maggie burns you.
* * * LOW HITPOINT WARNING * * *
The wall freezes the bullfrog.
The wall freezes Maggie.
Maggie drinks a potion.
Maggie is healed!
Maggie looks more healthy.
You closely miss Maggie.
Maggie is heavily wounded.
The wall freezes the bullfrog.
The bullfrog seems to slow down.
The bullfrog barely misses you.
The wall freezes Maggie.
Maggie zaps a wand.
You resist with almost no effort.
Unknown command.
You hit Maggie.
Maggie is severely wounded.
The wall freezes the bullfrog.
The bullfrog closely misses you.
The wall freezes Maggie.
Maggie gestures at you while chanting. The bolt of fire hits you!!
You die...

#...##......'.....#......######
#...##.....##########....##...##
#..........##..$..###....##....#
#...........#.......+..........#
#.....>.....#... ...#..........#
###.###..####... #.##..######.###
###.#########[..##'##########....
.....+ #......<..............#
.....# #....F@...............#
.....# #...Z@##..............#
.##..# #..... #..............#
.##..# ....... #..............#
.+..... ....... #..#####...#..##
.#...... ....... #### ########
.#.......##..... .# . ###### .


You could see Maggie, a bullfrog (slow) and a howler monkey skeleton.

Vanquished Creatures
  Eustachio (D:5)
  Duvessa (D:4)
  An ice beast (D:5)
  3 ogres
  2 phantoms
  A bullfrog (D:5)
  3 scorpions
  Dowan (D:4)
  2 hounds (D:5)
  2 orc priests (D:3)
  2 jellies
  3 iguanas
  Ijyb (D:5)
  Natasha (thrice) (D:2)
  An orc wizard (D:3)
  4 gnolls (D:4)
  3 adders
  A shadow imp (D:5)
  2 white imps
  2 ufetubi
  2 worms
  2 dart slugs
  8 orcs
  3 endoplasms
  2 giant cockroaches
  8 goblins
  3 hobgoblins
  13 jackals
  8 kobolds
  3 quokkas
  4 ball pythons
  5 bats
  A frilled lizard (D:1)
101 creatures vanquished.

Notes
Turn   | Place    | Note
-------+----------+-------------------------------------------
     0 | D:1      | pkoi the Draconian Ice Elementalist began the quest for the
                  | Orb.
     0 | D:1      | Reached XP level 1. HP: 14/14 MP: 3/3
   336 | D:1      | Reached XP level 2. HP: 20/20 MP: 5/5
  1319 | D:2      | Reached skill level 5 in Ice Magic
  1409 | D:2      | Reached XP level 3. HP: 24/26 MP: 6/6
  1429 | D:2      | Learned a level 3 spell: Frozen Ramparts
  1778 | D:2      | Noticed Natasha
  1789 | D:2      | Killed Natasha
  1813 | D:2      | Noticed Natasha
  1828 | D:2      | Killed Natasha
  1829 | D:2      | Reached XP level 4. HP: 20/33 MP: 2/7
  1855 | D:2      | Noticed Natasha
  1862 | D:2      | Killed Natasha
  1863 | D:2      | Reached skill level 6 in Ice Magic
  2066 | D:2      | Learned a level 3 spell: Ozocubu's Armour
  2172 | D:2      | Found a hide-covered altar of Uskayaw.
  2602 | D:3      | Reached XP level 5. HP: 38/38 MP: 8/8
  2922 | D:3      | Found a faded altar of an unknown god.
  2926 | D:3      | Found a blossoming altar of Fedhas.
  3021 | D:3      | Reached skill level 7 in Ice Magic
  3215 | D:4      | Found Riupun's Magic Scroll Boutique.
  3218 | D:4      | Bought a scroll of blinking for 105 gold pieces
  3254 | D:4      | Reached XP level 6. HP: 45/45 MP: 9/9
  3376 | D:4      | Noticed Duvessa
  3384 | D:4      | Reached skill level 8 in Ice Magic
  3387 | D:4      | Killed Duvessa
  3388 | D:4      | Your scales start taking on a rich purple colour.
  3388 | D:4      | Reached XP level 7. HP: 24/50 MP: 10/10
  3389 | D:4      | Noticed Dowan
  3394 | D:4      | Killed Dowan
  3788 | D:4      | Found an ancient bone altar of Kikubaaqudgha.
  4445 | D:4      | Learned a level 1 spell: Apportation
  4469 | D:5      | Entered Level 5 of the Dungeon
  4473 | D:5      | Reached skill level 1 in Translocations
  4473 | D:5      | Reached skill level 9 in Ice Magic
  4553 | D:5      | Found a staircase to the Ecumenical Temple.
  4563 | Temple   | Entered the Ecumenical Temple
  4873 | D:5      | Found a glowing golden altar of the Shining One.
  4934 | D:5      | Noticed Ijyb
  4939 | D:5      | Noticed Eustachio
  4942 | D:5      | Killed Ijyb
  4953 | D:5      | Reached XP level 8. HP: 33/57 MP: 11/11
  4957 | D:5      | Killed Eustachio
  5180 | D:5      | Reached skill level 10 in Ice Magic
  5463 | D:5      | Found a shadowy altar of Dithmenos.
  5598 | D:6      | Learned a level 1 spell: Magic Dart
  5695 | D:6      | Found a white marble altar of Elyvilon.
  5757 | D:6      | Noticed Maggie
  5764 | D:6      | Reached skill level 5 in Translocations
  5767 | D:6      | Killed from afar by Maggie

Illustrated notes

Levels and vault maps discovered:
D:1:      amcnicky_arrival_gap_in_the_tavern_cellar, layout_loops_ring
D:2:      layout_rooms, serial_forest, infiniplex_forest_end_double,
          infiniplex_forest_straight_2, infiniplex_forest_clump_cross,
          infiniplex_forest_lined_1, infiniplex_forest_lined_1,
          infiniplex_forest_lined_2, infiniplex_forest_straight_4, basic_altar,
          minmay_tetromino_t2, uniq_natasha
D:3:      layout_rooms, nicolae_overflow_ecumenical_swirl
D:4:      layout_basic, mainiacjoe_overflow_alcove_1, serial_shops, shop,
          uniq_duvessa
D:5:      layout_rooms, mainiacjoe_overflow_brackets, pf_just_have_faith,
          minmay_temple_entry_mini_moons, minivault_24, uniq_ijyb,
          uniq_eustachio
D:6:      layout_gridville, kennysheep_mini, uniq_maggie
Temple:   jpeg_temple_island

Skill      XL: |  1  2  3  4  5  6  7  8 |
---------------+-------------------------+-----
Ice Magic      | 5 6 7 8 9 10 | 10.3
Translocations | 3 5 |  5.0
Dodging        | |  1.7
Stealth        | |  1.7
Spellcasting   | |  2.6
Conjurations   | |  0.6

Action                   |  1- 3 |  4- 6 |  7- 9 || total
-------------------------+-------+-------+-------++-------
Melee: Dagger            |    71 |    13 |       ||    84
       Tailslap          |     7 |     2 |    11 ||    20
       Short sword       |       |    23 |    93 ||   116
       Punch             |       |       |     1 ||     1
 Cast: Freeze            |    33 |    28 |     4 ||    65
       Frozen Ramparts   |       |     7 |    13 ||    20
 Abil: Breathe Dispellin |       |       |     1 ||     1
  Use: Scroll            |       |       |     7 ||     7
 Stab: Sleeping          |     1 |     1 |     2 ||     4
Armor: Skin              |    25 |    21 |    34 ||    80
Dodge: Dodged            |    69 |    31 |    55 ||   155
